 Dungeon Crawl Stone Soup version 0.31-a0-182-gc5ef74bbde (webtiles) character file.

Game seed: 17542745014171917722

604223 AvylaarBelgium the Archmage (level 25, -20/131 (152) HPs)
             Began as a Deep Elf Conjurer on June 21, 2023.
             Was the Champion of Vehumet.
             Killed from afar by a war gargoyle (29 damage)
             ... with a spray of metal splinters
             ... on level 1 of the Iron City of Dis.
             The game lasted 05:32:32 (61271 turns).

AvylaarBelgium the Archmage (Deep Elf Conjurer)    Turns: 61271, Time: 05:32:33

HP:   -20/131 (152) AC:  4    Str:  7    XL:     25   Next: 44%
MP:   26/56         EV: 14    Int: 45    God:    Vehumet [******]
Gold: 3233          SH: 17    Dex: 13    Spells: 21/78 levels left

rFire   . . .        n - staff of conjuration
rCold   + + .        a - +3 kite shield {reflect}
rNeg    . . .        y - +1 acid dragon scales
rPois   .            t - +2 hat {SInv}
rElec   +            S - scarf of the Snake Pit {repulsion, rC+ Stlth+}
rCorr   +            g - +1 pair of gloves {Stlth+}
SInv    +            P - +2 pair of boots {Fly}
Will    ++++.        N - amulet "Quttaem" {Reflect Slay+3 SH+5}
Stlth   ++++++       Q - ring "Paen Bocruy" {Wiz Str+3 Int+3}
HPRegen 0.41/turn    B - ring of the Purple Skies {*Corrode rElec rC+ Will++ Int+6}
MPRegen 0.35/turn

%: corrode self (3%), repel missiles, reflection, wizardry (x1)
@: about to teleport, flying, hasted, studying 2 skills, heavily drained,
corroded, very quick
A: deformed body
}: 5/15 runes: barnacled, slimy, silver, abyssal, gossamer
a: Renounce Religion


You were on level 1 of the Iron City of Dis.
You worshipped Vehumet.
Vehumet was exalted by your worship.
You visited 12 branches of the dungeon, and saw 47 of its levels.
You visited the Abyss 1 time.
You also visited: Ice Cave and Desolation.

You collected 5706 gold pieces.
You spent 2473 gold pieces at shops.

Inventory:

Hand Weapons
 z - the +6 dagger "Vul Disu" {elec, +Blink rF+ rC+ Int+2}
   (You found it on level 12 of the Dungeon)

   Int:       It affects your intelligence (+2).
   rF:        It protects you from fire.
   rC:        It protects you from cold.
   +Blink:    It lets you blink.
Armour
 a - a +3 kite shield of reflection (worn)
 b - the +2 pair of gloves "Ygruturpher" {Drain rPois MP+9}
   (You found it on level 5 of the Pits of Slime)

   rPois:     It protects you from poison.
   MP:        It affects your magic capacity (+9).
   Drain:     It drains your maximum health when unequipped.
 g - a +1 pair of gloves of stealth (worn)
 t - a +2 hat of see invisible (worn)
 y - +1 acid dragon scales (worn)
 L - the +0 pair of boots of the Boiling Point {rPois rF+ rN+}
   (You found it on level 5 of the Pits of Slime)

   rF:        It protects you from fire.
   rPois:     It protects you from poison.
   rN:        It protects you from negative energy.
 P - a +2 pair of boots of flying (worn)
 S - the scarf of the Snake Pit (worn) {repulsion, rC+ Stlth+}
   (You bought it in a shop on level 2 of the Orcish Mines)

   rC:        It protects you from cold.
   Stlth:     It makes you more stealthy.
 Y - a +2 robe of the Archmagi
Magical Staves
 d - the staff "Kogeoqiw" {Will+ Str+2 Earth}
   (You acquired it on level 3 of the Elven Halls)

   [staff of earth]

   Base accuracy: +5 Base damage: 5 Base attack delay: 1.2 This weapon's minimum
   attack delay (0.6) is reached at skill level 12.
   Str:       It affects your strength (+2).
   Earth:     It increases the power of your Earth spells.
   Will:      It increases your willpower.
   It falls into the 'Staves' category.
   It is a one-handed weapon.
 n - a staff of conjuration (weapon)
 o - the staff of War {rN+ Stlth+ Necro}
   (You found it in the Desolation of Salt)

   [staff of death]

   Base accuracy: +5 Base damage: 5 Base attack delay: 1.2 This weapon's minimum
   attack delay (0.6) is reached at skill level 12.
   rN:        It protects you from negative energy.
   Necro:     It increases the power of your Necromancy spells.
   Stlth:     It makes you more stealthy.
   It falls into the 'Staves' category.
   It is a one-handed weapon.
Jewellery
 v - the ring "Rulirch" {rF++ rN+ rCorr Int+2}
   (You found it on level 5 of the Pits of Slime)

   [ring of positive energy]

   Int:       It affects your intelligence (+2).
   rF:        It greatly protects you from fire.
   rN:        It protects you from negative energy.
   rCorr:     It protects you from acid and corrosion.
 B - the ring of the Purple Skies (right hand) {*Corrode rElec rC+ Will++ Int+6}
   (You took it off a deep elf annihilator on level 3 of the Elven Halls)

   [ring of intelligence]

   Int:       It affects your intelligence (+6).
   rC:        It protects you from cold.
   rElec:     It insulates you from electricity.
   *Corrode:  It may corrode you when you take damage.
   Will:      It greatly increases your willpower.
 H - the amulet "Vutum" {RegenMP Str+4 Dex+3 Slay-3}
   (You found it on level 5 of the Pits of Slime)

   [amulet of magic regeneration]

   It increases your rate of magic regeneration.
   Str:       It affects your strength (+4).
   Dex:       It affects your dexterity (+3).
   Slay:      It affects your accuracy & damage with ranged weapons and melee
   (-3).
 I - the amulet "Inwattilu" {RegenMP Contam Harm rF++ rC+++}
   (You found it in the Desolation of Salt)

   [amulet of magic regeneration]

   It increases your rate of magic regeneration.
   rF:        It greatly protects you from fire.
   rC:        It renders you almost immune to cold.
   Contam:    It causes magical contamination when unequipped.
   Harm:      It increases damage dealt and taken.
 K - the ring of the Final Decision {rPois rF+ Int+5}
   (You found it on level 3 of the Elven Halls)

   [ring of poison resistance]

   Int:       It affects your intelligence (+5).
   rF:        It protects you from fire.
   rPois:     It protects you from poison.
 N - the amulet "Quttaem" (around neck) {Reflect Slay+3 SH+5}
   (You found it on level 4 of the Spider Nest)

   [amulet of reflection]

   It reflects blocked missile attacks.
   Slay:      It affects your accuracy & damage with ranged weapons and melee
   (+3).
   SH:        It affects your SH (+5).
 Q - the ring "Paen Bocruy" (left hand) {Wiz Str+3 Int+3}
   (You took it off a servant of whispers in the Desolation of Salt)

   [ring of wizardry]

   It improves your spell success rate.
   Str:       It affects your strength (+3).
   Int:       It affects your intelligence (+3).
Wands
 l - a wand of polymorph (2)
 C - a wand of digging (15)
 M - a wand of charming (57)
 O - a wand of roots (23)
 T - a wand of mindburst (26)
 Z - a wand of quicksilver (20)
Scrolls
 f - 7 scrolls of teleportation
 j - 3 scrolls of immolation
 m - 2 scrolls of silence
 w - 2 scrolls of summoning
 E - 5 scrolls of amnesia
 F - 7 scrolls of vulnerability
 R - 2 scrolls of fog
 X - 4 scrolls of revelation
Potions
 h - a potion of berserk rage
 i - 12 potions of lignification
 k - 7 potions of ambrosia
 p - 8 potions of mutation
 q - 7 potions of brilliance
 s - 8 potions of curing
 u - 2 potions of resistance
 A - 3 potions of cancellation
 G - 2 potions of haste
 J - 5 potions of might
Miscellaneous
 c - a phial of floods
 e - a lightning rod (4/4)
 V - a phantom mirror
 W - a box of beasts


   Skills:
 + Level 13.6 Fighting
 - Level 4.0 Armour
 + Level 14.5 Dodging
 - Level 11.3 Stealth
 - Level 6.1 Shields
 O Level 27 Spellcasting
 + Level 21.2 Conjurations
 - Level 5.2 Hexes
 - Level 7.9 Summonings
 - Level 9.0 Necromancy
 - Level 4.6 Translocations
 + Level 20.5 Fire Magic
 - Level 14.2 Ice Magic
 - Level 10.5 Earth Magic
 - Level 7.4 Evocations


You had 21 spell levels left.
You knew the following spells:

 Your Spells              Type           Power      Damage    Failure   Level
a - Stone Arrow           Conj/Erth      100%       3d13      0%          3
b - Searing Ray           Conj           100%       2d8       0%          2
c - Fulminant Prism       Conj/Hex       66%        3d27      1%          4
d - Iskenderun's Mystic   Conj/Tloc      100%       2d19      1%          4
e - Ozocubu's Refrigerat  Ice            56%        4d19      1%          7
f - Fire Storm            Conj/Fire      77%        8d19      4%          9
g - Swiftness             Air            57%        N/A       2%          3
h - Summon Ice Beast      Ice/Summ       100%       N/A       1%          4
i - Magic Dart            Conj           100%       1d8       0%          1
j - Borgnjor's Vile Clut  Necr/Erth      49%        N/A       1%          5
k - Orb of Destruction    Conj           77%        9d17      1%          7
l - Animate Dead          Necr           97%        N/A       1%          4
m - Airstrike             Air            28%        2d(5-21)  2%          4

Your spell library contained the following spells:

 Spells                   Type           Power      Damage    Failure   Level
 Ignition                 Fire           64%        3d17      1%          8
 Chain Lightning          Conj/Air       62%        3d83      89%         9
 Shatter                  Erth           50%        3d38*     89%         9
 Freeze                   Ice            100%       1d10      0%          1
 Kiss of Death            Conj/Necr      100%       2d13      0%          1
 Momentum Strike          Conj/Tloc      100%       3d10      0%          2
 Frozen Ramparts          Ice            100%       1d16      0%          3
 Hailstorm                Conj/Ice       100%       3d20      0%          3
 Ozocubu's Armour         Ice            100%       N/A       0%          3
 Flame Wave               Conj/Fire      100%       2d21      0%          4
 Sticky Flame             Conj/Fire      100%       2d11      0%          4
 Necrotise                Necr           100%       1d9       1%          1
 Sandblast                Erth           100%       2d20      1%          1
 Shock                    Conj/Air       100%       1d9       1%          1
 Slow                     Hex            100%       N/A       1%          1
 Blink                    Tloc           100%       N/A       1%          2
 Call Imp                 Summ           100%       N/A       1%          2
 Ensorcelled Hibernation  Hex/Ice        100%       N/A       1%          2
 Lesser Beckoning         Tloc           100%       N/A       1%          2
 Passwall                 Tmut/Erth      69%        N/A       1%          2
 Poisonous Vapours        Pois/Air       100%       N/A       1%          2
 Sublimation of Blood     Necr           97%        N/A       1%          2
 Confusing Touch          Hex            82%        N/A       1%          3
 Dazzling Flash           Conj/Hex       100%       N/A       1%          3
 Gell's Gravitas          Tloc           80%        N/A       1%          3
 Inner Flame              Hex/Fire       100%       N/A       1%          3
 Mephitic Cloud           Conj/Pois/Air  100%       N/A       1%          3
 Teleport Other           Tloc           80%        N/A       1%          3
 Vampiric Draining        Necr           97%        2d12      1%          3
 Vhi's Electric Charge    Tloc/Air       100%       N/A       1%          3
 Volatile Blastmotes      Fire/Tloc      100%       2d18      1%          3
 Anguish                  Hex/Necr       45%        N/A       1%          4
 Dispel Undead            Necr           97%        3d30      1%          4
 Ice Form                 Ice/Tmut       90%        N/A       1%          4
 Manifold Assault         Tloc           80%        N/A       1%          4
 Petrify                  Tmut/Erth      83%        N/A       1%          4
 Summon Lightning Spire   Summ/Air       77%        N/A       1%          4
 Agony                    Necr           97%        N/A       1%          5
 Arcjolt                  Conj/Air       62%        1d72      1%          5
 Freezing Cloud           Conj/Ice/Air   64%        6-21      1%          5
 Irradiate                Conj/Tmut      62%        3d32      1%          5
 Metabolic Englaciation   Hex/Ice        49%        N/A       1%          5
 Summon Forest            Summ/Tloc      43%        N/A       1%          5
 Summon Mana Viper        Hex/Summ       88%        N/A       1%          5
 Plasma Beam              Fire/Air       50%        2x1d65    1%          6
 Simulacrum               Ice/Necr       52%        N/A       1%          6
 Starburst                Conj/Fire      77%        6d20      1%          6
 Spider Form              Tmut/Pois      57%        N/A       2%          3
 Olgreb's Toxic Radiance  Pois           57%        N/A       2%          4
 Death Channel            Necr           48%        N/A       3%          6
 Statue Form              Tmut/Erth      55%        N/A       16%         6
 Dispersal                Tloc           40%        N/A       19%         6
 Haunt                    Necr/Summ      47%        N/A       22%         7
 Monstrous Menagerie      Summ           46%        N/A       26%         7
 Malign Gateway           Summ/Tloc      43%        N/A       45%         7
 Borgnjor's Revivificati  Necr           48%        N/A       77%         8
 Infestation              Necr           48%        N/A       77%         8
 Summon Horrible Things   Summ           46%        N/A       89%         8
 Storm Form               Tmut/Air       28%        N/A       99%         7
 Maxwell's Capacitive Co  Air            28%        ∞         100%        8
 Necromutation            Tmut/Necr      39%        N/A       100%        8
 Death's Door             Necr           48%        N/A       100%        9


Dungeon Overview and Level Annotations

Branches:
Dungeon (15/15)            Temple (1/1) D:6            Lair (5/5) D:9
 Shoals (4/4) Lair:3       Spider (4/4) Lair:3        Slime (5/5) Lair:4
    Orc (2/2) D:9             Elf (3/3) Orc:2        Vaults (5/5) D:14
 Depths (1/4) D:15           Hell (visited)             Dis (1/7) Hell
  IceCv (visited)         Desolation (visited)
  Crypt: Vaults:2-3     Geh: Hell:1         Coc: Hell:1         Tar: Hell:1

Altars:
Ashenzari
Cheibriados
Dithmenos
Elyvilon
Fedhas
Gozag
Hepliaklqana
Kikubaaqudgha
Makhleb
Nemelex Xobeh
Okawaru
Qazlal
Ru
Sif Muna
Trog
Uskayaw
Vehumet
Wu Jian
Xom
Yredelemnul
Zin
The Shining One
Jiyva
Lugonu

Shops:
D:1 [   D:12 [   Orc:2 *[:(   Elf:2 ?   Elf:3 (   Shoals:2 ?   Vaults:5 !
Depths:1 :[

Portals:
Hell: Depths:1
Abyss: Shoals:2 Depths:1

Annotations:
D:4 exclusion: downstairs
D:7 1 transporter
Lair:1 1 runed translucent door, exclusion: downstairs, nubinia's ghost, journeyman DEEE
Lair:2 exclusion: 2 downstairs
Shoals:2 exclusion: downstairs
Shoals:3 exclusion: 2 downstairs
Shoals:4 Roxanne
Elf:2 exclusion: downstairs
Vaults:4 exclusion: downstairs
Hell Geryon


Innate Abilities, Weirdness & Mutations

Armour fits poorly on your strangely shaped body.


Message History

Unknown command.
Press: ? - help, v - describe, . - travel
Here: a caustic shrike The floor, spattered with blood.
Okay, then.
Unknown command.
As you read the scroll of fear, it crumbles to dust.
You assume a fearsome visage.
The ancient champion is unaffected.
The caustic shrike resists with some effort.
The caustic shrike looks frightened!
The caustic shrike resists with almost no effort. x2
The war gargoyle is unaffected.
The quicksilver elemental is unaffected.
The iron dragon resists with almost no effort.
The hell hog looks frightened!
An iron giant comes into view. It is wielding a +0 giant spiked club.
Okay, then.
Unknown command.
Your surroundings suddenly seem different.
As you read the scroll of fog, it dissolves into smoke.
An ancient champion comes into view.
It is wielding a +0 great sword of flaming.
As you read the scroll of fog, it dissolves into smoke.
As you read the scroll of teleportation, it crumbles to dust.
You feel strangely unstable. Magic courses through your body.
Unknown command.
Casting: Fire Storm (dangerous; 4% risk of failure)
Confirm with . or Enter, or press ? or * to list all spells.
You feel a surge of power!
You erupt in a blast of force!
The mystic blast hits the war gargoyle but does no damage.
You block the war gargoyle's attack.
Unknown command.
Okay, then.
Casting: Iskenderun's Mystic Blast (safe; 1% risk of failure)
Confirm with . or Enter, or press ? or * to list all spells.
Okay, then.
Unknown command.
The war gargoyle launches metal splinters at you.
The spray of metal splinters hits you!!
You die...

....z.b.§§§§§§§...#
##b.D...§§§§§§....#
#b.....#########9#
#Eh.9..# #§#
#......# #§#
#....b.# #§#
#......+ #9#
#C.....# ###§#
.........^...§§@§#
..............§§z§#
.................§#
..................#
.........#
.........#
.........#
.........#


You could see an ancient champion and a war gargoyle (catching breath).

Vanquished Creatures
  the Royal Jelly (Slime:5)
  An ancient lich (Vaults:5)
  Saint Roka (Vaults:1)
  A golden dragon (Vaults:5)
  Nikola (Vaults:3)
  Jorgrun (Orc:2)
  2 tentacled monstrosities (Vaults:5)
  A quicksilver dragon (Vaults:5)
  3 titans (Vaults:5)
  3 liches
  2 deep elf master archers (Elf:3)
  21 acid blobs
  Murray (Hell)
  2 deep elf blademasters (Elf:3)
  A kraken (Shoals:3)
  Polyphemus (Shoals:4)
  3 shadow dragons (Vaults:5)
  Donald (Orc:2)
  6 sphinxes
  11 tengu reavers
  Kirke (Spider:1)
  2 storm dragons (Vaults:5)
  The ghost of Kerestru the Warrior, an adept GrFi of Jiyva (Elf:3)
  17 rockslimes
  9 azure jellies
  2 emperor scorpions (Spider:4)
  3 imperial myrmidons (Desolation)
  8 frost giants
  6 deep elf sorcerers
  3 fire giants
  Louise (Spider:1)
  An iron dragon (Vaults:5)
  22 ironbound preservers
  A curse skull (Vaults:2)
  2 deep elf elementalists (Elf:3)
  2 ghost moths
  An orc warlord (Orc:2)
  14 vault wardens
  6 broodmothers
  14 stone giants
  16 quicksilver oozes
  A juggernaut skeleton (Hell)
  A cacodemon (Hell)
  5 war gargoyles
  A caustic shrike skeleton (Hell)
  2 reapers (Hell)
  10 very ugly things
  15 formless jellyfish
  Nessos (Lair:3)
  6 deep elf demonologists
  A dire elephant (Lair:5)
  9 ironbound thunderhulks
  14 deep elf annihilators
  Azrael (Orc:2)
  2 halazid warlocks (Desolation)
  9 ettins
  2 spark wasps (Spider:4)
  7 deep elf death magi
  An eidolon (Vaults:2)
  A blizzard demon (Depths:1)
  6 merfolk impalers
  3 entropy weavers
  Snorg (Lair:3)
  6 crystal guardians
  12 great orbs of eyes
  6 merfolk javelineers (Shoals:4)
  12 yaktaur captains
  A rakshasa (Depths:1)
  38 vault guards
  3 fire dragons (Depths:1)
  5 deep elf high priests
  An ice dragon (shapeshifter) (Vaults:5)
  7 ragged hierophants (Desolation)
  Harold (D:10)
  3 ice dragons (Depths:1)
  12 peacekeepers
  A catoblepas (Shoals:4)
  A spriggan air mage (Depths:1)
  4 jorogumos
  3 hydras
  3 merfolk avatars
  5 ironbound frosthearts
  4 ogre magi
  3 radroaches
  3 merfolk aquamancers
  6 boulder beetles
  12 servants of whispers (Desolation)
  Erolcha (Orc:2)
  15 centaur warriors
  An alligator (shapeshifter) (Vaults:5)
  5 two-headed ogres
  3 tengu warriors
  2 satyrs
  2 alligator snapping turtles (Shoals:4)
  14 demonic crawlers
  A thrashing horror (Abyss:3)
  6 hell hogs (Hell)
  4 deep troll shamans (Depths:1)
  2 vampire magi (Vaults:2)
  A titan zombie (Vaults:4)
  3 deep troll earth magi
  3 death yaks (Shoals:4)
  33 dancing weapons
  9 hell knights
  4 orc high priests (Orc:2)
  3 sun demons (Hell)
  2 spriggan berserkers (Depths:1)
  Urug (D:10)
  Sonja (D:13)
  16 deep elf knights
  Nergalle (Lair:1)
  5 iron trolls
  2 soul eaters (Hell)
  2 crystal echidnas (Hell)
  A sixfirhy (Abyss:3)
  A fire crab (Lair:2)
  Amaemon (Lair:3)
  A skeletal warrior (D:14)
  10 sea snakes
  3 sun moths
  6 pharaoh ants
  6 skysharks
  16 orb spiders
  A flayed ghost (Abyss:3)
  9 wizards
  63 deep trolls
  23 ironbound convokers
  5 steelbarb worms
  16 deep elf archers
  Pikel (D:5)
  21 deep elf pyromancers
  A phantasmal warrior (Vaults:5)
  11 lindwurms
  18 harpies
  8 necromancers
  5 orc knights
  36 ugly things
  28 deep elf zephyrmancers
  8 shining eyes
  20 wolf spiders
  A stone giant zombie (Hell)
  A wolf spider (shapeshifter) (Vaults:5)
  10 cyclopes
  A fire giant zombie (Vaults:5)
  A dire elephant zombie (Hell)
  8 moths of wrath
  4 orc sorcerers
  12 fauns
  4 elephants (Lair:4)
  15 manticores
  5 eyes of devastation
  4 guardian serpents (Desolation)
  20 vault sentinels
  10 merfolk sirens
  Maurice (D:8)
  2 ice statues (IceCv)
  A stone giant skeleton (Vaults:4)
  8 black mambas
  8 torpor snails
  An apocalypse crab (Abyss:3)
  4 gargoyles
  4 water nymphs
  A cane toad (shapeshifter) (Abyss:3)
  6 cane toads
  2 molten gargoyles
  5 smoke demons
  A hellion (Hell)
  2 orange demons
  2 redback zombies (Spider:3)
  2 unseen horrors (D:11)
  18 yaktaurs
  6 komodo dragons
  A yaktaur (shapeshifter) (Elf:2)
  A tormentor (Hell)
  4 rime drakes
  2 tengu conjurers (Depths:1)
  An ice devil (Hell)
  3 meliai (Spider:4)
  25 merfolk
  6 trolls
  Grinder (D:3)
  A tarantella zombie (Spider:3)
  A wind drake (shapeshifter) (Vaults:5)
  4 polar bears
  4 wind drakes
  2 large abominations (Abyss:3)
  3 hornets
  27 tarantellas
  A dream sheep (shapeshifter) (Vaults:5)
  66 saltlings (Desolation)
  11 blink frogs
  4 dream sheep (Shoals:1)
  A hornet (shapeshifter) (D:14)
  A culicivora zombie (Spider:3)
  2 harpy skeletons (Hell)
  7 snapping turtles
  81 slime creatures
  3 air elementals
  5 shadows
  A vampire (D:12)
  A yak (shapeshifter) (Vaults:5)
  34 jumping spiders
  13 water elementals
  29 culicivoras
  A spriggan (shapeshifter) (D:13)
  4 wyverns
  4 wraiths
  41 yaks
  3 fire elementals
  6 hogs (Spider:1)
  A golden eye (shapeshifter) (D:14)
  13 golden eyes
  2 vampire mosquitoes (D:14)
  2 starcursed masses (Abyss:3)
  3 steam dragons
  A death yak simulacrum (IceCv)
  84 redbacks
  2 basilisks
  Menkaure (D:6)
  A yaktaur simulacrum (Vaults:4)
  A deep troll zombie (Vaults:4)
  2 wargs
  2 acid dragons
  Duvessa (D:5)
  19 water moccasins
  A hell hound (Orc:2)
  2 floating eyes (Depths:1)
  2 sky beasts
  25 orc warriors
  A black bear (Lair:3)
  2 ice beasts
  4 elf zombies (Elf:2)
  9 wolves
  A centaur (shapeshifter) (Vaults:5)
  7 ogres
  6 centaurs
  4 lemures (D:5)
  A human zombie (Vaults:4)
  2 kobold brigands
  11 bullfrogs
  4 gnoll sergeants
  3 earth elementals
  2 scorpions (D:5)
  A scorpion (shapeshifter) (Elf:1)
  Dowan (D:5)
  4 electric eels
  8 howler monkeys
  A jelly (D:6)
  15 orc priests
  4 hounds
  Jessica (D:3)
  A gnoll bouda (D:5)
  A sleepcap (D:6)
  3 iguanas
  26 orc wizards
  8 hell rats
  3 polar bear simulacra (IceCv)
  A wolf simulacrum (IceCv)
  4 small abominations (Abyss:3)
  40 gnolls
  9 adders
  3 ufetubi
  A worm (D:2)
  2 dart slugs
  53 orcs
  10 endoplasms
  6 giant cockroaches
  10 goblins
  7 hobgoblins
  4 jackals (D:2)
  4 quokkas
  4 ball pythons
  4 bats
  10 frilled lizards
  20 kobolds
  9 rats
  2 fire vortices
  A fulminant prism (Elf:3)
  3 lurking horrors
  A spectral weapon (Orc:2)
1990 creatures vanquished.

Vanquished Creatures (collateral kills)
  An acid blob (Slime:5)
  A quicksilver dragon (Vaults:5)
  A sphinx (Vaults:5)
  2 ironbound preservers (Vaults:4)
  A blizzard demon (Hell)
  A fenstrider witch skeleton (Hell)
  A vault sentinel (Vaults:4)
  A cane toad (shapeshifter) (Vaults:5)
  A cane toad (Lair:1)
  A torpor snail (Spider:2)
  A komodo dragon (Lair:1)
  A merfolk (Shoals:4)
  3 tarantellas
  A tarantella zombie (Spider:3)
  A slime creature (Vaults:4)
  A culicivora (Spider:4)
  An ettin skeleton (Hell)
  9 yaks
  A fire elemental (Elf:3)
  2 redbacks (Spider:4)
  4 water moccasins
  4 orc warriors
  3 wolves
  An ogre (Orc:2)
  A bullfrog (Lair:3)
  A scorpion (Lair:2)
  2 howler monkeys
  A hound (D:9)
  An orc priest (Orc:2)
  A hell rat (Hell)
  2 orc wizards (Orc:2)
  13 orcs
66 creatures vanquished.

Vanquished Creatures (others)
  A fire giant (Vaults:5)
  A storm dragon zombie (Vaults:5)
  A wizard (Vaults:3)
  A sphinx zombie (Vaults:5)
  A stone giant zombie (Vaults:5)
  3 redback zombies (Spider:2)
  An ice devil (Hell)
  A jumping spider zombie (Spider:3)
  A radroach zombie (Spider:3)
  2 tarantella zombies (Spider:2)
  A wind drake zombie (Vaults:5)
  A fire elemental (Orc:2)
  2 deep troll zombies
  2 hell hounds (Orc:2)
  A cane toad zombie (Vaults:5)
  A wolf (D:9)
  2 elf zombies (Elf:2)
  A torpor snail zombie (Spider:2)
  A bullfrog (Lair:3)
  2 yaktaur zombies
  A hell rat (Hell)
  130 fire vortices
  428 fulminant prisms
  8 starspawn tentacles (Abyss:3)
  4 tentacles (Shoals:3)
598 creatures vanquished.

Grand Total: 2654 creatures vanquished

Notes
Turn   | Place    | Note
-------+----------+-------------------------------------------
     0 | D:1      | AvylaarBelgium the Deep Elf Conjurer began the quest for
                  | the Orb.
     0 | D:1      | Reached XP level 1. HP: 10/10 MP: 6/6
   155 | D:1      | Reached XP level 2. HP: 15/15 MP: 0/8
   293 | D:1      | Found a shadowy altar of Dithmenos.
   492 | D:1      | Reached skill level 4 in Spellcasting
   515 | D:1      | Noticed an animated pearl dragon scales
   517 | D:1      | Found Loti's Armour Shoppe.
   519 | D:1      | Noticed an animated crystal plate armour
   536 | D:1      | Reached XP level 3. HP: 14/19 MP: 2/10
   539 | D:1      | Reached skill level 5 in Conjurations
  1226 | D:2      | Learned a level 2 spell: Searing Ray
  1445 | D:2      | Reached XP level 4. HP: 24/24 MP: 10/12
  1688 | D:2      | Reached skill level 5 in Spellcasting
  2182 | D:3      | Noticed Jessica
  2183 | D:3      | Killed Jessica
  2184 | D:3      | Reached XP level 5. HP: 28/28 MP: 11/14
  2490 | D:3      | Noticed Grinder
  2544 | D:3      | Learned a level 4 spell: Fulminant Prism
  2549 | D:3      | Learned a level 4 spell: Iskenderun's Mystic Blast
  2553 | D:3      | Learned a level 3 spell: Frozen Ramparts
  2562 | D:3      | Killed Grinder
  2563 | D:3      | Reached skill level 6 in Spellcasting
  2563 | D:3      | Reached XP level 6. HP: 14/32 MP: 0/17
  3008 | D:4      | Reached skill level 7 in Spellcasting
  3220 | D:4      | Learned a level 4 spell: Airstrike
  3377 | D:5      | Entered Level 5 of the Dungeon
  3385 | D:5      | Reached XP level 7. HP: 36/36 MP: 13/20
  3411 | D:5      | Noticed Duvessa
  3411 | D:5      | Noticed Dowan
  3613 | D:5      | Reached skill level 8 in Spellcasting
  4011 | D:5      | Noticed Pikel
  4023 | D:5      | Killed Pikel
  4024 | D:5      | Reached skill level 10 in Spellcasting
  4024 | D:5      | Reached XP level 8. HP: 41/41 MP: 5/24
  4245 | D:5      | Killed Duvessa
  4259 | D:5      | Killed Dowan
  4281 | D:5      | Gained mutation: You are robust. (+10% HP) [potion of
                  | mutation]
  4467 | D:6      | Found a staircase to the Ecumenical Temple.
  4479 | Temple   | Entered the Ecumenical Temple
  4614 | D:6      | Learned a level 3 spell: Swiftness
  4619 | D:6      | Learned a level 4 spell: Summon Ice Beast
  4629 | D:6      | Reached skill level 11 in Spellcasting
  4658 | D:6      | Noticed Menkaure
  4663 | D:6      | Killed Menkaure
  4664 | D:6      | Reached skill level 10 in Conjurations
  4664 | D:6      | Reached skill level 1 in Summonings
  4664 | D:6      | Reached skill level 1 in Ice Magic
  4664 | D:6      | Reached XP level 9. HP: 49/49 MP: 21/26
  5667 | D:7      | Noticed a cyan ugly thing
  5668 | D:7      | Found a transporter.
  5669 | D:7      | Found a corrupted altar of Lugonu.
  5670 | D:7      | Noticed a green ugly thing
  5670 | D:7      | Noticed a brown ugly thing
  5671 | D:7      | Noticed a red ugly thing
  5844 | D:7      | Found a blossoming altar of Fedhas.
  6456 | D:8      | Noticed Maurice
  6476 | D:8      | Killed Maurice
  6486 | D:8      | Reached skill level 12 in Spellcasting
  6811 | D:8      | Noticed a two-headed ogre
  6820 | D:8      | Killed a two-headed ogre
  6821 | D:8      | Reached XP level 10. HP: 55/55 MP: 12/28
  6832 | D:8      | Reached skill level 5 in Summonings
  6838 | D:8      | Reached skill level 5 in Ice Magic
  7653 | D:9      | Found a glowing golden altar of the Shining One.
  7747 | D:9      | Found a radiant altar of Vehumet.
  7756 | D:9      | Became a worshipper of Vehumet
  8034 | D:9      | Reached skill level 13 in Spellcasting
  8045 | D:9      | Found a staircase to the Orcish Mines.
  8073 | D:9      | Found a staircase to the Lair.
  8288 | D:9      | Reached * piety under Vehumet
  8288 | D:9      | Offered knowledge of Kiss of Death by Vehumet.
  8523 | Lair:1   | Entered Level 1 of the Lair of Beasts
  8646 | Lair:1   | Reached XP level 11. HP: 50/59 MP: 7/30
  9301 | Lair:1   | Reached skill level 14 in Spellcasting
  9413 | Lair:1   | Learned a level 3 spell: Stone Arrow
  9419 | Lair:1   | Learned a level 5 spell: Borgnjor's Vile Clutch
  9445 | Lair:1   | Noticed Nergalle
  9472 | Lair:1   | Killed Nergalle
  9473 | Lair:1   | Reached skill level 1 in Fighting
  9473 | Lair:1   | Reached skill level 1 in Hexes
  9473 | Lair:1   | Reached skill level 1 in Necromancy
  9604 | Lair:1   | Found a runed translucent door.
  9605 | Lair:1   | Noticed nubinia's ghost (journeyman DEEE)
  9980 | Lair:2   | Offered knowledge of Scorch by Vehumet.
  9982 | Lair:2   | Reached ** piety under Vehumet
 10363 | Lair:2   | Noticed a boulder beetle
 10581 | Lair:3   | Noticed Snorg
 10590 | Lair:3   | Killed Snorg
 10591 | Lair:3   | Reached skill level 1 in Earth Magic
 10803 | Lair:3   | Reached XP level 12. HP: 66/73 MP: 10/32
 10805 | Lair:3   | Offered knowledge of Momentum Strike by Vehumet.
 10806 | Lair:3   | Reached skill level 5 in Hexes
 10994 | Lair:3   | Noticed Amaemon
 11190 | Lair:2   | Killed a boulder beetle
 11191 | Lair:2   | Reached skill level 5 in Fighting
 11460 | Lair:3   | Found a hole to the Spider Nest.
 11481 | Lair:3   | Noticed Nessos
 11581 | Lair:3   | Killed Amaemon
 11581 | Lair:3   | Reached *** piety under Vehumet
 11658 | Lair:3   | Reached skill level 5 in Earth Magic
 11724 | Lair:3   | Reached skill level 5 in Stealth
 11961 | Lair:3   | Found a staircase to the Shoals.
 12365 | D:1      | Bought a +2 robe of the Archmagi for 490 gold pieces
 12513 | Orc:1    | Entered Level 1 of the Orcish Mines
 12777 | Orc:2    | Entered Level 2 of the Orcish Mines
 12777 | Orc:2    | Found a staircase to the Elven Halls.
 12795 | Orc:2    | Noticed Donald
 12802 | Orc:2    | Killed Donald
 12852 | Orc:2    | Noticed Jorgrun
 12856 | Orc:2    | Noticed Azrael
 12863 | Orc:2    | HP: 3/74 [Azrael/fireball (17)]
 12936 | Orc:1    | Offered knowledge of Sticky Flame by Vehumet.
 13199 | Orc:2    | Killed Jorgrun
 13200 | Orc:2    | Reached skill level 5 in Dodging
 13213 | Orc:2    | Killed Azrael
 13216 | Orc:2    | Reached skill level 15 in Spellcasting
 13227 | Orc:2    | Noticed Erolcha
 13235 | Orc:2    | Killed Erolcha
 13235 | Orc:2    | Reached **** piety under Vehumet
 13407 | Orc:2    | Reached XP level 13. HP: 79/79 MP: 16/34
 13544 | Orc:2    | Offered knowledge of Yara's Violent Unravelling by Vehumet.
 13896 | Orc:2    | Noticed an orc warlord
 13943 | Orc:2    | Killed an orc warlord
 14519 | Orc:2    | Reached ***** piety under Vehumet
 14627 | Orc:2    | Found Rat Joem's Antique Armour Shop.
 14628 | Orc:2    | Found Usefaej's Antique Weapon Boutique.
 14630 | Orc:2    | Found Coschaz's General Store.
 14630 | Orc:2    | Found Gasaipeott's Book Shop.
 14649 | Orc:2    | Bought a faintly glowing scarf for 280 gold pieces
 14649 | Orc:2    | Identified the scarf of the Snake Pit {repulsion, rC+
                  | Stlth+} (You bought it in a shop on level 2 of the Orcish
                  | Mines)
 14709 | Orc:2    | Bought a potion of heal wounds for 75 gold pieces
 14709 | Orc:2    | Bought a scroll of fear for 60 gold pieces
 14752 | Elf:1    | Entered Level 1 of the Elven Halls
 14758 | Elf:1    | Reached skill level 16 in Spellcasting
 14775 | Elf:1    | Offered knowledge of Orb of Destruction by Vehumet.
 15080 | Elf:1    | Learned a level 7 spell: Orb of Destruction
 15442 | Elf:1    | Noticed a deep elf annihilator
 15461 | Elf:1    | Killed a deep elf annihilator
 15471 | Elf:1    | Paralysed by an air elemental for 1 turns
 15607 | Elf:1    | Noticed a deep elf demonologist
 15611 | Elf:1    | Killed a deep elf demonologist
 15612 | Elf:1    | Reached XP level 14. HP: 85/85 MP: 27/36
 15845 | Elf:1    | Reached skill level 10 in Earth Magic
 16104 | Elf:1    | Reached skill level 17 in Spellcasting
 16226 | Elf:1    | Reached skill level 10 in Dodging
 16235 | Elf:1    | Learned a level 4 spell: Animate Dead
 16287 | Elf:1    | Got Sif Muna's Cyclopedia of the Blowfly
 16324 | Elf:1    | Reached skill level 5 in Necromancy
 16329 | Elf:1    | Reached skill level 1 in Translocations
 16841 | Elf:2    | Paralysed by an air elemental for 1 turns
 16843 | Elf:2    | Paralysed by an air elemental for 1 turns
 17181 | Elf:2    | Noticed a deep elf sorcerer
 17186 | Elf:2    | Killed a deep elf sorcerer
 17349 | Elf:2    | Offered knowledge of Ozocubu's Refrigeration by Vehumet.
 17986 | Elf:2    | Reached XP level 15. HP: 16/90 MP: 23/38
 18216 | Elf:2    | Reached skill level 18 in Spellcasting
 18264 | Elf:2    | Learned a level 7 spell: Ozocubu's Refrigeration
 18391 | Elf:2    | Noticed a deep elf sorcerer
 18397 | Elf:2    | Killed a deep elf sorcerer
 18736 | Elf:2    | Found Zenaug's Magic Scroll Boutique.
 18746 | Elf:2    | Bought a scroll of noise for 20 gold pieces
 18746 | Elf:2    | Bought a scroll of teleportation for 60 gold pieces
 18746 | Elf:2    | Bought a scroll of fog for 80 gold pieces
 18830 | Elf:2    | Found a runed translucent gate.
 18831 | Elf:2    | Found a runed translucent gate.
 18831 | Elf:2    | Found a runed translucent gate.
 19449 | Elf:2    | Reached skill level 15 in Conjurations
 19449 | Elf:2    | Reached skill level 10 in Ice Magic
 19945 | Elf:3    | Entered Level 3 of the Elven Halls
 19954 | Elf:3    | Found Wamyip's Weapon Boutique.
 19962 | Elf:3    | Offered knowledge of Eringya's Noxious Bog by Vehumet.
 20027 | Elf:3    | Noticed a deep elf sorcerer
 20208 | Elf:3    | Noticed a deep elf blademaster
 20213 | Elf:3    | Killed a deep elf blademaster
 20215 | Elf:3    | Noticed a deep elf sorcerer
 20230 | Abyss:2  | Cast into level 2 of the Abyss (a deep elf sorcerer)
 20650 | Abyss:3  | Reached skill level 19 in Spellcasting
 20683 | Abyss:3  | Noticed a lich
 20702 | Abyss:3  | Noticed an Executioner
 20748 | Abyss:3  | Noticed a tentacled starspawn
 20817 | Abyss:3  | Noticed a bone dragon
 20933 | Abyss:3  | Noticed a tentacled starspawn
 20933 | Abyss:3  | Noticed a tentacled starspawn
 20940 | Abyss:3  | Got an abyssal rune of Zot
 20988 | Abyss:3  | Noticed a bone dragon
 21002 | Elf:3    | Escaped the Abyss
 21004 | Elf:3    | Killed a deep elf sorcerer
 21191 | Elf:3    | Reached XP level 16. HP: 47/96 MP: 7/41
 21210 | Elf:3    | Found a runed translucent door.
 21210 | Elf:3    | Found a shimmering altar of Xom.
 21210 | Elf:3    | Identified the +11 dire flail "Zoliosiu" {chaos, rElec rC++
                  | Int+3}
 21210 | Elf:3    | Noticed Kerestru's ghost (adept GrFi)
 21301 | Elf:3    | Noticed a deep elf blademaster
 21311 | Elf:3    | Killed a deep elf blademaster
 21337 | Elf:3    | Noticed a deep elf master archer
 21359 | Elf:3    | Identified the staff of the Eternal Void {Str+3 Earth}
 21689 | Elf:3    | Killed a deep elf master archer
 21823 | Elf:3    | Noticed a deep elf master archer
 21845 | Elf:3    | Killed a deep elf master archer
 21846 | Elf:3    | Reached skill level 10 in Stealth
 21904 | Elf:3    | Identified a scroll of acquirement
 21906 | Elf:3    | Acquired the staff "Kogeoqiw" {Will+ Str+2 Earth}
 22092 | Elf:3    | Reached skill level 20 in Spellcasting
 22107 | Elf:3    | Identified the ring of the Purple Skies {*Corrode rElec rC+
                  | Will++ Int+6}
 22109 | Elf:3    | Identified the +4 flail of Umufim {holy, Int+2}
 22655 | Elf:3    | Killed Kerestru's ghost
 22661 | Elf:3    | Identified the ring of the Final Decision {rPois rF+ Int+5}
 22746 | D:9      | Reached skill level 1 in Shields
 23031 | Lair:3   | Killed Nessos
 23102 | Shoals:1 | Entered Level 1 of the Shoals
 24403 | Shoals:2 | Found Muapob's Magic Scroll Emporium.
 24419 | Shoals:2 | Reached skill level 5 in Shields
 24629 | Shoals:2 | Bought a scroll of poison for 56 gold pieces
 24629 | Shoals:2 | Bought a scroll of blinking for 105 gold pieces
 24629 | Shoals:2 | Bought a scroll of fog for 56 gold pieces
 24629 | Shoals:2 | Bought a scroll of enchant armour for 105 gold pieces
 24629 | Shoals:2 | Bought a scroll of fog for 56 gold pieces
 24629 | Shoals:2 | Bought a scroll of identify for 28 gold pieces
 24629 | Shoals:2 | Bought a scroll of identify for 28 gold pieces
 24647 | Shoals:2 | Found a corrupted altar of Lugonu.
 24649 | Shoals:2 | Found a one-way gate to the infinite horrors of the Abyss.
 25095 | Shoals:3 | Offered knowledge of Lee's Rapid Deconstruction by Vehumet.
 25360 | Shoals:3 | Identified the +7 chain mail of Eternal Vigilance {rElec
                  | Str+6 Dex-5}
 25505 | Shoals:3 | Reached XP level 17. HP: 81/102 MP: 26/43
 25516 | Shoals:3 | Reached skill level 21 in Spellcasting
 25534 | Shoals:3 | Learned a level 9 spell: Fire Storm
 25545 | Shoals:3 | Noticed a kraken
 25552 | Shoals:3 | Killed a kraken
 26214 | Shoals:4 | Entered Level 4 of the Shoals
 26721 | Shoals:4 | Identified Roxanne's Volume of Evolution
 26721 | Shoals:4 | Noticed Roxanne
 27319 | Shoals:4 | Noticed Polyphemus
 27328 | Shoals:4 | Killed Polyphemus
 27583 | Shoals:4 | Offered knowledge of Arcjolt by Vehumet.
 27885 | Shoals:4 | Reached skill level 22 in Spellcasting
 28213 | Shoals:4 | Got a barnacled rune of Zot
 28483 | Spider:1 | Entered Level 1 of the Spider Nest
 28717 | Spider:1 | Noticed Louise
 28720 | Spider:1 | Offered knowledge of Plasma Beam by Vehumet.
 28889 | Spider:1 | Killed Louise
 29915 | Spider:1 | Noticed Kirke
 29938 | Spider:1 | Reached skill level 1 in Evocations
 30063 | Spider:1 | Killed Kirke
 30223 | Spider:2 | Reached XP level 18. HP: 114/114 MP: 37/46
 31560 | Spider:3 | Offered knowledge of Lehudib's Crystal Spear by Vehumet.
 32433 | Spider:3 | Reached skill level 5 in Evocations
 32710 | Spider:4 | Entered Level 4 of the Spider Nest
 32768 | Spider:4 | Reached ****** piety under Vehumet
 33060 | Spider:4 | Offered knowledge of Shatter by Vehumet.
 33060 | Spider:4 | Offered knowledge of Chain Lightning by Vehumet.
 33060 | Spider:4 | Offered knowledge of Ignition by Vehumet.
 33100 | Spider:4 | Reached skill level 10 in Fighting
 33407 | Spider:4 | Got a gossamer rune of Zot
 34649 | Spider:4 | Identified the staff "Wewex" {Fragile +Blink rElec Str+4
                  | Air}
 34652 | Spider:4 | Identified the amulet "Quttaem" {Reflect Slay+3 SH+5}
 35002 | Spider:4 | Reached skill level 1 in Fire Magic
 35031 | Spider:4 | Reached XP level 19. HP: 89/120 MP: 14/47
 35749 | Lair:4   | Found a staircase to the Slime Pits.
 36009 | Lair:5   | Entered Level 5 of the Lair of Beasts
 36698 | Lair:5   | Reached XP level 20. HP: 132/132 MP: 43/48
 36699 | Lair:5   | Reached XP level 21. HP: 137/137 MP: 43/49
 37211 | Slime:1  | Entered Level 1 of the Pits of Slime
 37219 | Slime:1  | Reached skill level 10 in Fire Magic
 37497 | D:10     | Entered Level 10 of the Dungeon
 37553 | D:10     | Noticed Urug
 37553 | D:10     | Noticed Harold
 37560 | D:10     | Killed Urug
 37560 | D:10     | Killed Harold
 37811 | D:10     | Found an opulent altar of Gozag.
 37888 | D:10     | Found a hide-covered altar of Uskayaw.
 37891 | D:10     | Found a sacrificial altar of Ru.
 37951 | D:10     | Found a snail-covered altar of Cheibriados.
 38787 | D:12     | Identified the +6 dagger "Vul Disu" {elec, +Blink rF+ rC+
                  | Int+2}
 38968 | D:12     | Found Gaxirarch's Antique Armour Emporium.
 39028 | D:12     | Found a burning altar of Makhleb.
 39313 | D:11     | Identified the ring of the Devil's Team {rPois Slay+2}
 40387 | Slime:3  | You are sucked into a shaft and drop 1 floor!
 40395 | Slime:4  | Lost mutation: You are robust. (+10% HP) [a shining eye]
 40516 | Slime:4  | Reached skill level 1 in Armour
 40863 | Slime:5  | Entered Level 5 of the Pits of Slime
 41122 | Slime:5  | Noticed the Royal Jelly
 41556 | Slime:5  | Found a viscous altar of Jiyva.
 41728 | Slime:5  | Gained mutation: Armour fits poorly on your strangely
                  | shaped body. [a shining eye]
 42448 | Slime:5  | Found the +7 sceptre of Torment {pain, torment}
 42903 | Slime:1  | Reached skill level 15 in Fire Magic
 43383 | D:13     | Noticed Sonja
 43387 | D:13     | Killed Sonja
 43489 | D:13     | Reached XP level 22. HP: 130/130 MP: 48/50
 43503 | D:13     | Found a frozen archway.
 43512 | IceCv    | Entered an ice cave
 43528 | IceCv    | Found a transporter.
 43546 | IceCv    | Found a transporter.
 44363 | D:14     | Found a gate to the Vaults.
 44714 | D:15     | Entered Level 15 of the Dungeon
 45234 | D:15     | Found a staircase to the Depths.
 45253 | Depths:1 | Entered Level 1 of the Depths
 45337 | Depths:1 | Found Rucit's Vocational Training.
 46173 | Depths:1 | Found Puomorch's Antique Armour Boutique.
 46181 | Depths:1 | Bought a tattered robe for 193 gold pieces
 46181 | Depths:1 | Identified the +0 robe of Death's Door {Int+3} (You bought
                  | it in a shop on level 1 of the Depths)
 46181 | Depths:1 | Bought a smoking robe for 193 gold pieces
 46181 | Depths:1 | Identified the +2 robe of Failure {rPois Str-3 Stlth+} (You
                  | bought it in a shop on level 1 of the Depths)
 46685 | Depths:1 | Found a gateway to Hell.
 47668 | Hell     | Entered the Vestibule of Hell
 47668 | Hell     | Noticed Geryon
 48050 | Vaults:1 | Entered Level 1 of the Vaults
 48178 | Vaults:1 | Noticed Saint Roka
 48186 | Vaults:1 | Killed Saint Roka
 49276 | Vaults:1 | Reached XP level 23. HP: 95/135 MP: 43/51
 49731 | Vaults:2 | Reached skill level 23 in Spellcasting
 50874 | Vaults:3 | Found a crumbling gateway.
 50909 | Desolati | Entered the Desolation of Salt
 51512 | Desolati | Identified the ring "Paen Bocruy" {Wiz Str+3 Int+3}
 51517 | Desolati | Identified the +8 great mace of Cetat {venom, Will+ Str+2
                  | Int+4 Dex+3}
 51882 | Desolati | Reached skill level 24 in Spellcasting
 52002 | Desolati | Got the Octavo of Blows
 52024 | Desolati | Got the Lessons on Assembled Refrigeration
 52366 | Desolati | Identified the amulet "Inwattilu" {RegenMP Contam Harm rF++
                  | rC+++}
 52402 | Desolati | Identified the staff of War {rN+ Stlth+ Necro}
 53200 | Vaults:3 | Noticed Nikola
 53206 | Vaults:3 | Killed Nikola
 53872 | Vaults:3 | Reached skill level 25 in Spellcasting
 54108 | Vaults:3 | Reached XP level 24. HP: 86/140 MP: 47/54
 56660 | Vaults:5 | Entered Level 5 of the Vaults
 56671 | Vaults:5 | Reached skill level 26 in Spellcasting
 57263 | Vaults:5 | Identified the +2 hand axe of Eternal Vigilance {venom,
                  | *Slow Str+4 Stlth+}
 57955 | Vaults:5 | Identified the amulet "Vuerghiurch" {rN+ Regen+ Int+2}
 58059 | Vaults:5 | Got a silver rune of Zot
 58064 | Vaults:5 | Got Sif Muna's Elucidation of Viridian Feathers
 58163 | Vaults:5 | Reached XP level 25. HP: 148/148 MP: 53/55
 58178 | Vaults:5 | Identified the +11 falchion of Integrity {heavy, *Noise
                  | rPois rC+ Int+3}
 58413 | Vaults:5 | Found Yzecueb's Distillery.
 58423 | Vaults:5 | Bought a potion of heal wounds for 70 gold pieces
 58423 | Vaults:5 | Bought a potion of brilliance for 56 gold pieces
 58423 | Vaults:5 | Bought 2 potions of resistance for 280 gold pieces
 58423 | Vaults:5 | Bought a potion of mutation for 112 gold pieces
 58423 | Vaults:5 | Bought a potion of heal wounds for 70 gold pieces
 58517 | Vaults:5 | Identified the +0 scale mail of the Stone Wall {rN+ Regen+
                  | Int-2}
 58805 | Vaults:5 | Identified the +8 arbalest of the Realm of Zot {freeze,
                  | Will+}
 58822 | Vaults:5 | Noticed an ancient lich
 58827 | Vaults:5 | Killed an ancient lich
 59820 | Slime:5  | Killed the Royal Jelly
 59821 | Slime:5  | Reached skill level 27 in Spellcasting
 60187 | Slime:5  | Identified the +8 spear of Gemn {freeze, rF+ rC+}
 60190 | Slime:5  | Identified the staff of Dung {*Slow +Blink Dex+4 Conj}
 60197 | Slime:5  | Identified the +2 pair of gloves "Ygruturpher" {Drain rPois
                  | MP+9}
 60218 | Slime:5  | Identified the +1 helmet of the Thirsty Orbs {rElec}
 60226 | Slime:5  | Got a slimy rune of Zot
 60249 | Slime:5  | Identified the +0 pair of boots of the Boiling Point {rPois
                  | rF+ rN+}
 60264 | Slime:5  | Got the Directory of Wanderlust and Stolen Souls
 60291 | Slime:5  | Identified the +5 spear of a bazaar {antimagic, *Slow
                  | Fragile Fly Dex+7 SInv}
 60315 | Slime:5  | Identified the ring "Rulirch" {rF++ rN+ rCorr Int+2}
 60341 | Slime:5  | Identified the amulet "Vutum" {RegenMP Str+4 Dex+3 Slay-3}
 61125 | Hell     | Noticed Murray
 61127 | Hell     | Found a gateway to the Iron City of Dis.
 61139 | Hell     | Killed Murray
 61241 | Dis:1    | Entered Level 1 of the Iron City of Dis
 61249 | Dis:1    | HP: 3/131 [hell hog/fireball (29)]
 61271 | Dis:1    | Killed from afar by a war gargoyle

Illustrated notes

Levels and vault maps discovered:
D:1:      dpeg_arrival_prison, layout_basic, serial_co_window_serial,
          co_window_paths_a, co_window_of_opportunity_a, co_window_cross_1,
          co_window_corner_a, co_window_paths_a, co_window_of_opportunity_b,
          co_window_corner_b, co_window_cross_2, co_window_cross_3,
          co_window_broadway_b, glass_columns_a, glass_columns_a,
          glass_columns_a, serial_shops, nicolae_shop_mannequins,
          minmay_hexomino_r4
D:2:      layout_basic, chequers_serial_rivers_micro_d, grunt_ministairs_15,
          nicolae_grassy_gnolls
D:3:      layout_loops_cross, uniq_grinder, uniq_jessica
D:4:      layout_cave_pools, chequers_garden
D:5:      layout_gridville, uniq_duvessa, uniq_pikel
D:6:      layout_cave_pods, minmay_temple_entry_waves, minmay_holes,
          uniq_menkaure
D:7:      gammafunk_corrupted_shrine, layout_layer_cave,
          fedhas_altar_fruit_tree, gammafunk_ghost_cemetery,
          hangedman_abyss_or_decor_lesser_grid, roderic_batcave
D:8:      layout_loops_ring, kennysheep_path_1, uniq_maurice
D:9:      layout_irregular_city, vehumet_crystals,
          mainiacjoe_overflow_concentric_impassable, erik_lair_island,
          david_orc_2, chequers_serial_rivers_micro_b, minivault_22
D:10:     layout_small_grid, grunt_gozag_breadcrumbs,
          mainiacjoe_overflow_tiny_flanked, grunt_temple_overflow_open,
          uniq_urug, uniq_harold
D:11:     minmay_the_grid_triangle_9x9_recursive_3_mashed
          [minmay_the_grid_triangle_9x9_zippers_horizontal,
          minmay_the_grid_triangle_9x9_empty,
          minmay_the_grid_triangle_9x9_longest,
          minmay_the_grid_triangle_9x9_prize_schism,
          minmay_the_grid_triangle_9x9_intruding_spiral,
          minmay_the_grid_triangle_9x9_stretched_checkered,
          minmay_the_grid_triangle_9x9_steps,
          minmay_the_grid_triangle_9x9_flanged_cone,
          minmay_the_grid_triangle_9x9_swiss_cheese], layout_basic
D:12:     layout_irregular_city, serial_shops, shop, makhleb_altar_promises_db
D:13:     layout_small_grid, portal_ice_cave_entry_pillars_1, hex_large,
          uniq_sonja
D:14:     layout_irregular_city, erik_vaults_2, serial_bayou_pond_b,
          grunt_decor_one_mirror
D:15:     grunt_enter_depths_snipers, layout_rooms, chequers_decorated_corner
Temple:   minmay_freezing_vapour_temple
Lair:1:   layout_long_grid, ebering_ghost_inner_flame,
          nicolae_lair_grove_arrangements, serial_bayou_shore_a, uniq_nergalle
Lair:2:   layout_small_grid, nzn_sisyphean_effort
Lair:3:   layout_regular_city, shoals_dummy_entry, spider_nest_entry_webs,
          uniq_amaemon, uniq_nessos, uniq_snorg
Lair:4:   layout_cave_shapes, slime_entry_1, cheibrodos_lair_caveside_slide,
          st_stairs_13, serial_bayou_pond_a, kennysheep_catoblepas_arena
Lair:5:   gammafunk_lair_ancient_temple, layout_layer_cave
Shoals:1: layout_shoals
Shoals:2: layout_shoals, serial_shops, nicolae_shop_trees,
          amcnicky_altar_lugonu_corruption
Shoals:3: layout_shoals, nicolae_shoals_drake_roost
Shoals:4: shoals_end_grunt_ice, layout_shoals, uniq_polyphemus, uniq_roxanne
Spider:1: layout_spider_delve, uniq_kirke, uniq_louise
Spider:2: layout_spider_delve
Spider:3: layout_spider_delve, nicolae_spider_baby_got_redback
Spider:4: hellmonk_spider_rune_endless_swarm, worms_lemuel
Slime:1:  layout_caves, cheibrodos_slime_lost_civilization_6
Slime:2:  layout_caves
Slime:3:  cheibrodos_slime_lost_civilization_8, layout_caves
Slime:4:  cheibrodos_slime_lost_civilization_9, layout_caves
Slime:5
Orc:1:    layout_caves
Orc:2:    st_orc_congregation, layout_caves, mines_bat_river, uniq_erolcha,
          uniq_donald, uniq_jorgrun, uniq_azrael
Elf:1:    eino_elf_arrival_sip, layout_gridlike, minmay_elf_annihilation,
          library_closet, st_stairs_10, onia_ninara_cookie
Elf:2:    elven_hall_of_blades_hangedman_original [nicolae_blade_tridents],
          layout_loops_cross, serial_shops, shop_fountains, grunt_ministairs_1
Elf:3:    grunt_elf_hall_branching, layout_loops_cross, ebering_ghost_xom,
          serial_shops, shop
Vaults:1: nicolae_vaults_house_1, nicolae_vaults_storage_room_water,
          nicolae_vaults_storage_closets_1, nicolae_vaults_stairing_the_circle,
          vaults_room_grunt_arrival_ludios, ontoclasm_vaults_misaligned,
          nicolae_vaults_two_Ls, vaults_mumra_chevron_long,
          nicolae_vaults_wine_cellar, layout_vaults_omnigrid, uniq_saint_roka
Vaults:2: nicolae_vaults_asterisk, minmay_crypt_entry_simple_walls,
          nicolae_vaults_back_hallway, nicolae_vaults_triangles,
          layout_vaults_chaotic_city
Vaults:3: portal_desolation_entry_nicolae_slug,
          vaults_mumra_minichess_inversion, nicolae_vaults_more_shelving_1,
          vaults_dpeg_spiral, vaults_room_pools, vaults_room_large_hall,
          nicolae_vaults_border_crossing, v_rooms_5, vaults_room_pools,
          vaults_standard_mumra_x, vaults_mumra_minichess, layout_vaults_ring,
          uniq_nikola
Vaults:4: nicolae_vaults_closet_pinwheel_2, nicolae_vaults_house_3,
          nicolae_vaults_circle_grid_a, hangedman_vaults_capsules, v_pattern_4,
          nicolae_vaults_what_the_h, vaults_room_boxed,
          nicolae_vaults_steering_wheel, nicolae_vaults_house_1,
          nicolae_vaults_trapezoid_4, nicolae_vaults_inception_scallops,
          nicolae_vaults_diamond_2, layout_vaults_omnicross
Vaults:5
Depths:1: minmay_imperfect_grid, layout_gridlike, serial_shops,
          nicolae_lakefront_shop, hangedman_abyss_entry_splay,
          hangedman_coc_ice_floe, nicolae_shop_vocational,
          infiniplex_staircase_pool_lava
Hell
Dis:1:    layout_regular_city

Skill      XL: |  1  2  3  4  5  6  7  8  9 10 11 12 13 14 15 16 17 18 19 20 21 22 23 24 25 |
---------------+----------------------------------------------------------------------------+-----
Spellcasting   | 4 5 6 7 10 11 12 13 14 15 16 17 19 20 22 25 26 27 | 27.0
Conjurations   | 5 6 7 9 10 11 12 13 14 15 16 17 20 21 | 21.2
Summonings     | 1 4 6 7 |  7.9
Ice Magic      | 1 4 6 7 10 11 14 | 14.2
Fighting       | 4 5 6 8 10 11 12 13 | 13.6
Hexes          | 4 5 |  5.2
Necromancy     | 4 9 |  9.0
Earth Magic    | 2 7 9 10 | 10.5
Stealth        | 5 8 11 | 11.3
Dodging        | 6 9 10 13 14 | 14.5
Translocations | 4 |  4.6
Shields        | 6 |  6.1
Evocations     | 1 5 7 |  7.4
Fire Magic     | 1 7 9 15 20 | 20.5
Armour         | 4 |  4.0

Action                     |  1- 3 |  4- 6 |  7- 9 | 10-12 | 13-15 | 16-18 | 19-21 | 22-24 | 25-27 || total
---------------------------+-------+-------+-------+-------+-------+-------+-------+-------+-------++-------
  Melee: Unarmed           |     5 |       |       |       |       |       |       |       |       ||     5
         Dagger            |     4 |       |       |       |       |       |       |       |       ||     4
         Short sword       |     1 |       |       |       |       |       |       |       |       ||     1
         Trident           |       |       |     3 |     7 |       |       |       |       |       ||    10
         Flail             |       |       |       |    11 |     3 |       |       |       |       ||    14
         Scimitar          |       |       |       |       |    12 |       |       |       |       ||    12
         Demon whip        |       |       |       |       |     1 |       |       |       |       ||     1
         Staff             |       |       |       |       |       |     9 |     6 |     5 |       ||    20
  Throw: Dart              |       |       |    11 |       |       |       |       |       |       ||    11
   Cast: Magic Dart        |    81 |    88 |    51 |    10 |       |       |     1 |     2 |       ||   233
         Searing Ray       |       |    10 |    20 |     7 |     1 |       |       |       |       ||    38
         Frozen Ramparts   |       |     1 |     1 |     1 |       |       |       |       |       ||     3
         Fulminant Prism   |       |     3 |    44 |    91 |   170 |   104 |     2 |    15 |       ||   429
         Summon Ice Beast  |       |       |     6 |    40 |    14 |    15 |       |     1 |       ||    76
         Airstrike         |       |       |     3 |    13 |    13 |    48 |     7 |    14 |     1 ||    99
         Swiftness         |       |       |     1 |     2 |     6 |     1 |     2 |     3 |     1 ||    16
         Iskenderun's Myst |       |       |       |    25 |    58 |   134 |    60 |   172 |     9 ||   458
         Stone Arrow       |       |       |       |    70 |   106 |    65 |    37 |    96 |     2 ||   376
         Borgnjor's Vile C |       |       |       |    16 |    27 |    20 |     1 |    14 |       ||    78
         Animate Dead      |       |       |       |       |     8 |     2 |       |     5 |       ||    15
         Orb of Destructio |       |       |       |       |    56 |   205 |    89 |   254 |     3 ||   607
         Ozocubu's Refrige |       |       |       |       |       |   105 |   119 |   161 |     2 ||   387
         Fire Storm        |       |       |       |       |       |       |       |    66 |    65 ||   131
  Evoke: Wand              |       |       |       |    10 |     8 |     4 |     2 |       |       ||    24
         Box of beasts     |       |       |       |       |       |     1 |       |       |       ||     1
         Lightning rod     |       |       |       |       |       |     3 |     3 |     4 |       ||    10
         Phial of floods   |       |       |       |       |       |       |       |     1 |       ||     1
    Use: Scroll            |       |       |     7 |     5 |    16 |    21 |     3 |     8 |    10 ||    70
         Potion            |       |       |     1 |     6 |     7 |     6 |     2 |     8 |    12 ||    42
 Armour: Robe              |     4 |     4 |    13 |    27 |    16 |    22 |    18 |    24 |       ||   128
         Acid dragon scale |       |       |       |       |       |       |     4 |       |    10 ||    14
  Dodge: Dodged            |    10 |     9 |    22 |    68 |    67 |   105 |    20 |    88 |    22 ||   411
         Repelled          |       |       |       |       |     8 |     5 |     5 |     4 |     2 ||    24
  Block: Other             |       |       |       |    17 |     9 |       |       |       |       ||    26
         Reflection        |       |       |       |     1 |     3 |    19 |    10 |    41 |     1 ||    75
         Buckler           |       |       |       |       |     7 |     3 |       |       |       ||    10
         Kite shield       |       |       |       |       |       |   126 |    90 |   143 |    25 ||   384

Table legend: (Time is in decaauts)
 A = Elapsed time spent in this place.
 B = Non-inter-level travel time spent in this place.
 C = Inter-level travel time spent in this place.
 D = Time resting spent in this place.
 E = Time spent auto-exploring this place.
 F = Levels seen in this place.
 G = Mean time per level.
                   A        B        C        D        E       F      G
               +--------+--------+--------+--------+--------+-----+--------+
         Total |  61632 |  57748 |   3884 |  19792 |  23516 |  51 | 1208.5 |
       Dungeon |  13487 |  12097 |   1390 |   1378 |   8450 |  15 |  899.1 |
        Temple |     15 |     15 |      0 |      0 |      9 |   1 |   15.0 |
          Lair |   7168 |   6193 |    975 |   2065 |   2779 |   5 | 1433.6 |
        Shoals |   5662 |   5312 |    350 |   2291 |   1931 |   4 | 1415.5 |
   Spider Nest |   6536 |   6348 |    188 |   2705 |   2228 |   4 | 1634.0 |
    Slime Pits |   4420 |   4244 |    176 |   1845 |    969 |   5 |  884.0 |
  Orcish Mines |   2475 |   2418 |     57 |    987 |    592 |   2 | 1237.5 |
   Elven Halls |   6992 |   6774 |    218 |   3088 |   1773 |   3 | 2330.7 |
        Vaults |   9206 |   8753 |    453 |   3122 |   3733 |   5 | 1841.2 |
        Depths |   2733 |   2661 |     72 |   1282 |    763 |   1 | 2733.0 |
          Hell |    129 |    129 |      0 |     26 |      0 |   1 |  129.0 |
           Dis |     20 |     20 |      0 |      0 |      0 |   1 |   20.0 |
         Abyss |    767 |    767 |      0 |    159 |     33 |   2 |  383.5 |
      Ice Cave |     85 |     85 |      0 |      2 |      0 |   1 |   85.0 |
    Desolation |   1930 |   1930 |      0 |    841 |    253 |   1 | 1930.0 |
               +--------+--------+--------+--------+--------+-----+--------+

Top non-repeatable levels by time:
Depths:1: 2733 daAuts
   Elf:2: 2685 daAuts
   Elf:1: 2654 daAuts
Vaults:4: 2440 daAuts
Spider:4: 2328 daAuts
Vaults:3: 1948 daAuts
Vaults:5: 1935 daAuts
Desolation: 1930 daAuts
   Orc:2: 1868 daAuts
 Slime:5: 1743 daAuts
Shoals:4: 1711 daAuts
Shoals:3: 1680 daAuts
Vaults:1: 1659 daAuts
   Elf:3: 1652 daAuts
  Lair:3: 1629 daAuts
